 Dungeon Crawl Stone Soup version 0.29-a0-97-g88c9fad16d (webtiles) character file.

Game seed: 17365397858060178347

174 enile the Ducker (level 5, -4/37 HPs)
             Began as a Gnoll Wanderer on Feb 14, 2022.
             Was a Believer of Lugonu.
             Succumbed to Terence's poison
             ... on level 3 of the Dungeon.
             The game lasted 00:02:36 (2758 turns).

enile the Ducker (Gnoll Wanderer)                   Turns: 2758, Time: 00:02:37

Health: -4/37      AC:  5    Str: 11    XL:     5   Next: 54%
Magic:  11/12      EV: 14    Int: 10    God:    Lugonu [**....]
Gold:   114        SH:  0    Dex: 15    Spells: 13/14 levels left

rFire   . . .      SeeInvis .   p - +2 falchion (vorpal)
rCold   . . .      Faith    .   (no shield)
rNeg    . . .      Spirit   .   c - +0 leather armour
rPois   .          Reflect  .   (no helmet)
rElec   .          Harm     .   (no cloak)
rCorr   .          Rampage  .   (no gloves)
Will    +....                   j - +1 pair of boots
Stlth   ++........              (no amulet)
HPRegen 0.12/turn               g - ring of willpower
MPRegen 0.13/turn               (no ring)

@: brilliant, lethally poisoned (-4 -> -39)
A: fangs 1, strong nose, distributed training
a: Renounce Religion, Depart the Abyss, Bend Space


You were on level 3 of the Dungeon.
You worshipped Lugonu.
Lugonu was pleased with you.
You visited 1 branch of the dungeon, and saw 3 of its levels.

You collected 114 gold pieces.

Inventory:

Hand Weapons
 a - a +2 short sword
 k - a +1 flail of protection
 p - a +2 vorpal falchion (weapon)
 q - a +0 shortbow of freezing
Missiles
 l - 6 poisoned darts
Armour
 b - a +0 pair of boots
 c - a +0 leather armour (worn)
 j - a +1 pair of boots (worn)
Jewellery
 g - a ring of willpower (left hand)
 h - an amulet of magic regeneration
Wands
 u - a wand of acid (8)
Scrolls
 e - a scroll of fear {unknown}
 i - a scroll of identify
 n - 3 scrolls of teleportation
 r - a scroll of summoning {unknown}
 s - a scroll of enchant armour {unknown}
 t - a scroll of blinking {unknown}
Potions
 d - a potion of degeneration {unknown}
 f - a potion of brilliance
 m - a potion of mutation {unknown}
 o - 2 potions of curing {unknown}


   Skills:
 + Level 1.5 Fighting
 + Level 6.7 Short Blades
 + Level 1.5 Long Blades
 + Level 1.5 Axes
 + Level 1.5 Maces & Flails
 + Level 1.5 Polearms
 + Level 1.5 Staves
 + Level 1.5 Slings
 + Level 1.5 Bows
 + Level 1.5 Crossbows
 + Level 1.5 Throwing
 + Level 1.5 Armour
 + Level 6.7 Dodging
 + Level 2.8 Stealth
 + Level 1.5 Shields
 + Level 1.5 Unarmed Combat
 + Level 5.2 Spellcasting
 + Level 1.2 Conjurations
 + Level 1.2 Hexes
 + Level 1.2 Summonings
 + Level 1.2 Necromancy
 + Level 1.2 Translocations
 + Level 1.2 Transmutations
 + Level 2.4 Fire Magic
 + Level 1.2 Ice Magic
 + Level 1.2 Air Magic
 + Level 1.2 Earth Magic
 + Level 1.2 Poison Magic
 + Level 1.7 Invocations
 + Level 1.5 Evocations


You had 13 spell levels left.
You knew the following spells:

 Your Spells              Type           Power      Damage    Failure   Level
a - Foxfire               Conj/Fire      36%        2x1d5     14%         1

Your spell library contained the following spells:

 Spells                   Type           Power      Damage    Failure   Level
 Sting                    Tmut/Pois      28%        1d4       19%         1
 Poisonous Vapours        Pois/Air       14%        N/A       26%         2
 Ignite Poison            Fire/Tmut/Pois 8%         N/A       41%         3
 Gell's Gravitas          Tloc           7%         N/A       47%         3
 Teleport Other           Tloc           7%         N/A       47%         3
 Olgreb's Toxic Radiance  Pois           7%         N/A       87%         4
 Dispersal                Tloc           3%         N/A       100%        6


Dungeon Overview and Level Annotations

Branches:
Dungeon (3/15)

Altars:
Lugonu

Annotations:
D:3 Terence


Innate Abilities, Weirdness & Mutations

You have very sharp teeth.
Your uncanny sense of smell can sniff out nearby items.
Your experience applies equally to all skills.


Message History

A bat is nearby!
The helpless bat fails to defend itself.
You hit the bat.
You kill the bat!
Lugonu accepts your kill.
No target in view!
No target in view!
No target in view!
No target in view!
No target in view!
No target in view!
You see here a bat corpse.
Found a stone staircase leading up.
There is a stone staircase leading down here.
Terence the Incautious comes into view.
He is wielding a +0 hand axe of venom.
Terence shouts!
Terence is nearby!
Search for what [Enter for "."]? .
Terence hits you with a +0 hand axe of venom.
You are poisoned.
You hit Terence but do no damage.
You feel very sick.
Terence hits you with a +0 hand axe of venom.
You are more poisoned.
Okay, then.
Space bends around you!
You blink.
You feel very sick.
Terence hits you with a +0 hand axe of venom.
You are more poisoned.
As you read the scroll labelled SAC GEOXAG, it crumbles to dust.
It is a scroll of identify.
n - 3 scrolls of teleportation
* * * LOW HITPOINT WARNING * * *
You feel very sick.
Terence hits you with a +0 hand axe of venom.
* * * LOW HITPOINT WARNING * * *
You are more poisoned.
It was a potion of brilliance.
You feel clever all of a sudden.
You die...

###.........#
.....####.#.###### ###.##
#........## #.# ##......... ∆
##.## #††####.## ##...#####..#
#.# ........##..# #.#
.#...##.#...# #.# ∆
.##.###(#..## #@## #.# )##.#
#.#..# #.@# #.# .#.)# #.#..#
##§# #.# .#.## #.#..# #.# #.#
.#.# #.#..# #.# #.#
.#.####.#..# #.# #.#
...........######.####.#######
.#.####.....(.....>...........
.#.# ##.........#.###.######..


You could see Terence.

Vanquished Creatures
  A necrophage (D:2)
  3 adders
  A worm (D:2)
  A dart slug (D:1)
  An orc (D:3)
  4 bats
  3 endoplasms (D:1)
  4 giant cockroaches
  7 hobgoblins
  3 jackals (D:1)
  3 quokkas (D:1)
  6 ball pythons
  3 frilled lizards
  4 goblins
  7 kobolds
  4 rats
55 creatures vanquished.

Vanquished Creatures (others)
  164 foxfires
164 creatures vanquished.

Grand Total: 219 creatures vanquished

Notes
Turn   | Place    | Note
-------+----------+-------------------------------------------
     0 | D:1      | enile the Gnoll Wanderer began the quest for the Orb.
     0 | D:1      | enile set off with the following items: a +2 short sword, a
                  | +0 pair of boots, a +0 leather armour; and the following
                  | spell memorised: Foxfire; and the following spells
                  | available to memorise: Ignite Poison
     0 | D:1      | Reached XP level 1. HP: 13/13 MP: 6/6
   282 | D:1      | Reached XP level 2. HP: 19/19 MP: 4/7
   612 | D:1      | Found a faded altar of an unknown god.
   773 | D:1      | Prayed at the altar of an unknown god.
   773 | D:1      | Became a worshipper of Lugonu the Unformed
   773 | D:1      | Reached * piety under Lugonu
   773 | D:1      | Reached ** piety under Lugonu
   919 | D:1      | Reached XP level 3. HP: 24/25 MP: 9/9
   928 | D:1      | Reached skill level 5 in Spellcasting
  1686 | D:2      | Reached skill level 1 in Invocations
  1775 | D:2      | Noticed a necrophage
  1788 | D:2      | Killed a necrophage
  1789 | D:2      | Reached skill level 1 in Fighting
  1789 | D:2      | Reached skill level 1 in Long Blades
  1789 | D:2      | Reached skill level 1 in Axes
  1789 | D:2      | Reached skill level 1 in Maces & Flails
  1789 | D:2      | Reached skill level 1 in Polearms
  1789 | D:2      | Reached skill level 1 in Staves
  1789 | D:2      | Reached skill level 1 in Slings
  1789 | D:2      | Reached skill level 1 in Bows
  1789 | D:2      | Reached skill level 1 in Crossbows
  1789 | D:2      | Reached skill level 1 in Throwing
  1789 | D:2      | Reached skill level 1 in Armour
  1789 | D:2      | Reached skill level 1 in Shields
  1789 | D:2      | Reached skill level 1 in Unarmed Combat
  1789 | D:2      | Reached skill level 1 in Conjurations
  1789 | D:2      | Reached skill level 1 in Hexes
  1789 | D:2      | Reached skill level 1 in Summonings
  1789 | D:2      | Reached skill level 1 in Necromancy
  1789 | D:2      | Reached skill level 1 in Translocations
  1789 | D:2      | Reached skill level 1 in Transmutations
  1789 | D:2      | Reached skill level 1 in Ice Magic
  1789 | D:2      | Reached skill level 1 in Air Magic
  1789 | D:2      | Reached skill level 1 in Earth Magic
  1789 | D:2      | Reached skill level 1 in Poison Magic
  1789 | D:2      | Reached skill level 1 in Evocations
  1789 | D:2      | Reached XP level 4. HP: 29/32 MP: 9/11
  1789 | D:2      | Reached XP level 5. HP: 33/37 MP: 9/12
  2751 | D:3      | Noticed Terence
  2758 | D:3      | Succumbed to Terence's poison

Illustrated notes

Levels and vault maps discovered:
D:1:      sevenhm_arrival_forest_fort_large_2, layout_rooms,
          nicolae_ecumenical_lake_church
D:2:      layout_rooms
D:3:      layout_loops_ring, minmay_fractal_squares_gapless_5, uniq_terence

Skill      XL: |  1  2  3 |
---------------+----------+-----
Fire Magic     | 2 |  2.4
Spellcasting   | 5 |  5.2
Invocations    | 1 |  1.7
Fighting       | 1 |  1.5
Long Blades    | 1 |  1.5
Axes           | 1 |  1.5
Maces & Flails | 1 |  1.5
Polearms       | 1 |  1.5
Staves         | 1 |  1.5
Slings         | 1 |  1.5
Bows           | 1 |  1.5
Crossbows      | 1 |  1.5
Throwing       | 1 |  1.5
Armour         | 1 |  1.5
Shields        | 1 |  1.5
Unarmed Combat | 1 |  1.5
Conjurations   | 1 |  1.2
Hexes          | 1 |  1.2
Summonings     | 1 |  1.2
Necromancy     | 1 |  1.2
Translocations | 1 |  1.2
Transmutations | 1 |  1.2
Ice Magic      | 1 |  1.2
Air Magic      | 1 |  1.2
Earth Magic    | 1 |  1.2
Poison Magic   | 1 |  1.2
Evocations     | 1 |  1.5
Short Blades   | |  6.7
Dodging        | |  6.7
Stealth        | |  2.8

Action                   |  1- 3 |  4- 6 || total
-------------------------+-------+-------++-------
Melee: Short sword       |    20 |       ||    20
       Punch             |     3 |       ||     3
       Bite              |     5 |     3 ||     8
       Flail             |    29 |     4 ||    33
       Falchion          |       |    44 ||    44
 Cast: Foxfire           |    63 |    32 ||    95
Invok: Bend Space        |       |     1 ||     1
  Use: Scroll            |       |     1 ||     1
       Potion            |       |     1 ||     1
 Stab: Sleeping          |       |     2 ||     2
Armor: Leather armour    |     8 |    16 ||    24
Dodge: Dodged            |    44 |    54 ||    98

Table legend: (Time is in decaauts)
 A = Elapsed time spent in this place.
 B = Non-inter-level travel time spent in this place.
 C = Inter-level travel time spent in this place.
 D = Time resting spent in this place.
 E = Time spent auto-exploring this place.
 F = Levels seen in this place.
 G = Mean time per level.
                   A        B        C        D        E       F      G
               +--------+--------+--------+--------+--------+-----+--------+
         Total |   2775 |   2539 |    236 |      0 |   2034 |   3 |  925.0 |
       Dungeon |   2775 |   2539 |    236 |      0 |   2034 |   3 |  925.0 |
               +--------+--------+--------+--------+--------+-----+--------+

Top non-repeatable levels by time:
     D:1: 1595 daAuts
     D:2: 859 daAuts
     D:3: 319 daAuts
